 Dungeon Crawl Stone Soup version 0.31-a0-1-g4198be8af4 (webtiles) character file.

Game seed: 5401598267607085754

845 BubbleThief the Trooper (level 8, 78/78 HPs)
             Began as a Naga Cinder Acolyte on May 1, 2023.
             Was a High Priest of Ignis.
             Quit the game on level 5 of the Dungeon on May 2, 2023.
             The game lasted 00:08:09 (4703 turns).

BubbleThief the Trooper (Naga Cinder Acolyte)       Turns: 4703, Time: 00:08:09

Health: 78/78      AC:  6    Str: 18    XL:     8   Next: 0%
Magic:  10/10      EV:  9    Int: 14    God:    Ignis [*****.]
Gold:   23         SH:  0    Dex:  8    Spells: 7/9 levels left

rFire   + . .        a - -1 mace (flame)
rCold   . . .        (no shield)
rNeg    . . .        i - +2 robe {Will+}
rPois   +            (no helmet)
rElec   .            m - +0 cloak
rCorr   .            (no gloves)
SInv    +            (no barding)
Will    ++...        (no amulet)
Stlth   +            (no ring)
HPRegen 0.33/turn    (no ring)
MPRegen 0.12/turn

%: no passive effects
@: very slow
A: AC +2, large, see invisible, deformed body, poison resistance, slowness 2,
spit poison 1, naga tail 1
a: Spit Poison, Renounce Religion, Fiery Armour, Foxfire Swarm, Rising Flame


You were on level 5 of the Dungeon.
You worshipped Ignis.
Ignis was extremely pleased with you.
You visited 1 branch of the dungeon, and saw 5 of its levels.

You collected 255 gold pieces.
You spent 232 gold pieces at shops.

Inventory:

Hand Weapons
 a - a -1 mace of flaming (weapon)
Armour
 i - a +2 robe of willpower (worn)
 m - a +0 cloak (worn)
Jewellery
 f - a ring of wizardry
Scrolls
 b - a scroll of enchant weapon
 c - 2 scrolls of identify
 e - a scroll of poison
 h - a scroll of enchant armour
Potions
 d - a potion of attraction
 g - 2 potions of flight
 j - a potion of heal wounds
 k - a potion of haste {unknown}
 l - a potion of resistance {unknown}
 n - 2 potions of berserk rage
 o - a potion of brilliance {unknown}
 p - 2 potions of curing


   Skills:
 + Level 6.8 Fighting
 + Level 6.8 Maces & Flails
 - Level 1.3 Spellcasting
 - Level 3.0 Fire Magic


You had 7 spell levels left.
You knew the following spells:

 Your Spells              Type           Power      Damage    Failure   Level
a - Scorch                Fire           18%        2d5       11%         2

Your spell library contained the following spells:

 Spells                   Type           Power      Damage    Failure   Level
 Sublimation of Blood     Necr           0%         N/A       36%         2
 Wereblood                Tmut           0%         N/A       36%         2
 Volatile Blastmotes      Fire/Tloc      10%        2d10      38%         3
 Dazzling Flash           Conj/Hex       0%         N/A       58%         3
 Iskenderun's Mystic Bla  Conj/Tloc      0%         2d3       94%         4
 Olgreb's Toxic Radiance  Pois           0%         N/A       94%         4
 Starburst                Conj/Fire      2%         6d3       100%        6
 Summon Hydra             Summ           0%         N/A       100%        7
 Discord                  Hex            0%         N/A       100%        8
 Ignition                 Fire           4%         3d4       100%        8


Dungeon Overview and Level Annotations

Branches:
Dungeon (5/15)
 Temple: D:4-7

Altars:
Dithmenos
Nemelex Xobeh
Okawaru

Shops:
D:4 [   D:5 ?:*!


Innate Abilities, Weirdness & Mutations

Your serpentine skin is tough. (AC +2)
You have supernaturally acute eyesight. (SInv)
Armour fits poorly on your strangely shaped body.
Your system is resistant to poisons. (rPois)
You cover ground very slowly.
You can spit poison.
You have a snake-like lower body.


Message History

You kill the hound!
You have got your breath back.
You see here a scorpion corpse.
Found the Unrestrained Analects.
Magic restored.
HP restored.
Found a short sword.
You pick up the Unrestrained Analects and begin reading...
You add the spells Olgreb's Toxic Radiance, Ignition and Discord to your library.
Found 6 stones.
c - 2 scrolls of identify (gained 1)
An adder comes into view.
The adder hisses angrily.
Aiming: Spit Poison (1% risk of failure)
Press: ? - help, Shift-Dir - straight line, f - adder
Aim: an adder (37% to hit)
The splash of poison misses the adder.
Unknown command.
Casting: Scorch (safe; 11% risk of failure)
Confirm with . or Enter, or press ? or * to list all spells.
Flames lash the adder.
The adder is heavily wounded.
The adder's fire resistance burns away.
The adder barely misses you.
Unknown command.
You hit the adder. You burn the adder.
The adder is almost dead.
The adder bites you but does no damage. x2
You hit the adder. You burn the adder.
You kill the adder!
You have reached level 8!
You feel agile.
You have got your breath back.
You see here an adder corpse.
You now have 14 gold pieces (gained 4).
You now have 23 gold pieces (gained 9).
Found an escape hatch in the ceiling.
Found a dagger.
Found a stone staircase leading down.
Found a pair of gloves.
Are you sure you want to abandon this character and quit the game? (Confirm with "yes".)

# ######..
[............## ........
..............#
.#####..................
## #.....)............ #
#.................. ##
#.................. .#
#...<.............. .##
#..........@.......
..####..................
...##...................
#.......................
##......................
#...........>..........
#...#..................
#.####.................
#.## ##................


There were no monsters in sight!

Vanquished Creatures
  Sigmund (D:2)
  Menkaure (D:4)
  2 phantoms (D:4)
  A bullfrog (D:5)
  A scorpion (D:5)
  A hound (D:5)
  2 jellies
  Terence (D:2)
  An iguana (D:5)
  An orc wizard (D:5)
  4 adders
  A dart slug (D:2)
  10 orcs
  7 ball pythons
  8 endoplasms
  6 giant cockroaches
  8 goblins
  7 hobgoblins
  3 jackals (D:4)
  5 quokkas
  7 bats
  4 frilled lizards
  8 kobolds
  10 rats
100 creatures vanquished.

Notes
Turn   | Place    | Note
-------+----------+-------------------------------------------
     0 | D:1      | BubbleThief the Naga Cinder Acolyte began the quest for the
                  | Orb.
     0 | D:1      | Reached XP level 1. HP: 21/21 MP: 2/2
   110 | D:1      | Reached XP level 2. HP: 28/28 MP: 3/3
   113 | D:1      | Learned a level 2 spell: Scorch
   415 | D:1      | Reached XP level 3. HP: 19/34 MP: 1/5
  1024 | D:2      | Noticed Terence
  1040 | D:2      | Killed Terence
  1041 | D:2      | Reached XP level 4. HP: 24/44 MP: 1/6
  1285 | D:2      | Noticed Sigmund
  1302 | D:2      | Killed Sigmund
  1303 | D:2      | Reached XP level 5. HP: 11/51 MP: 1/7
  1303 | D:2      | Reached XP level 6. HP: 13/60 MP: 1/8
  1473 | D:2      | Reached skill level 5 in Fighting
  1559 | D:2      | Reached skill level 5 in Maces & Flails
  2074 | D:3      | Found a shadowy altar of Dithmenos.
  2116 | D:3      | Found a sparkling altar of Nemelex Xobeh.
  2340 | D:3      | Found an iron altar of Okawaru.
  3057 | D:4      | Found Myedona's Antique Armour Shop.
  3345 | D:4      | Reached XP level 7. HP: 56/68 MP: 1/9
  3481 | D:4      | Noticed Menkaure
  3490 | D:4      | Killed Menkaure
  3979 | D:5      | Entered Level 5 of the Dungeon
  3996 | D:5      | HP: 3/68 [poisoned by an adder]
  3996 | D:5      | HP: 1/68 [orc/+0 whip (2)]
  4244 | D:5      | Found Cetrioce's Magic Scroll Shoppe.
  4246 | D:5      | Found Zahusarch's Book Shoppe.
  4249 | D:5      | Found Bosemos's General Store.
  4252 | D:5      | Bought a scroll of enchant weapon for 90 gold pieces
  4252 | D:5      | Bought a scroll of poison for 48 gold pieces
  4253 | D:5      | Found Cytaush's Distillery.
  4258 | D:5      | Bought a potion of curing for 39 gold pieces
  4267 | D:5      | Bought a potion of heal wounds for 55 gold pieces
  4556 | D:5      | Reached XP level 8. HP: 78/78 MP: 7/10
  4703 | D:5      | Quit the game

Illustrated notes

Levels and vault maps discovered:
D:1:      psy_arrival_terrarium, layout_basic, minivault_26
D:2:      layout_basic, uniq_sigmund, uniq_terence
D:3:      layout_basic, okawaru_gym_becter, nemelex_altar_shiori,
          nicolae_dithmenos_through_a_glass_darkly
D:4:      layout_loops_ring, serial_shops, nicolae_shop_statue_plus,
          uniq_menkaure
D:5:      layout_layer_cave, minmay_shop_grid_forest, uniq_crazy_yiuf_cottage

Skill      XL: |  1  2  3  4  5  6  7 |
---------------+----------------------+-----
Fighting       | 4 5 6 |  6.8
Maces & Flails | 4 5 6 |  6.8
Spellcasting   | |  1.3
Fire Magic     | |  3.0

Action                     |  1- 3 |  4- 6 |  7- 9 || total
---------------------------+-------+-------+-------++-------
  Melee: Mace              |    50 |    57 |    42 ||   149
         Punch             |     1 |       |       ||     1
   Cast: Scorch            |    13 |    41 |    14 ||    68
 Invoke: Fiery Armour      |     1 |       |     1 ||     2
Ability: Spit Poison       |    31 |    25 |     7 ||    63
    Use: Scroll            |       |       |     6 ||     6
         Potion            |       |       |     2 ||     2
 Armour: Robe              |    14 |    24 |    23 ||    61
  Dodge: Dodged            |    37 |    40 |    32 ||   109

Table legend: (Time is in decaauts)
 A = Elapsed time spent in this place.
 B = Non-inter-level travel time spent in this place.
 C = Inter-level travel time spent in this place.
 D = Time resting spent in this place.
 E = Time spent auto-exploring this place.
 F = Levels seen in this place.
 G = Mean time per level.
                   A        B        C        D        E       F      G
               +--------+--------+--------+--------+--------+-----+--------+
         Total |   5700 |   5421 |    279 |    209 |   4513 |   5 | 1140.0 |
       Dungeon |   5700 |   5421 |    279 |    209 |   4513 |   5 | 1140.0 |
               +--------+--------+--------+--------+--------+-----+--------+

Top non-repeatable levels by time:
     D:4: 1696 daAuts
     D:2: 1473 daAuts
     D:1: 1059 daAuts
     D:3: 868 daAuts
     D:5: 603 daAuts
